 Seeded DCSS version 0.31-a0-182-gc5ef74bbde (webtiles) character file.

Game seed: 3425585917399930565 (custom seed)

109 innerfire43 the Chopper (level 4, -3/35 HPs)
             Began as a Demonspawn Monk on June 20, 2023.
             Killed by nerve-wracking pain
             ... invoked by a shadow imp
              (10 damage)
             ... on level 3 of the Dungeon.
             The game lasted 00:01:55 (1917 turns).

innerfire43 the Chopper (Demonspawn Monk)           Turns: 1917, Time: 00:01:55

Health: -3/35      AC:  7    Str: 20    XL:     4   Next: 59%
Magic:  4/4        EV: 12    Int: 11    God:
Gold:   163        SH:  0    Dex: 15    Spells: 3/3 levels left

rFire   . . .        a - +0 hand axe
rCold   . . .        d - orb {light}
rNeg    . . .        b - +0 robe
rPois   .            (helmet restricted)
rElec   .            m - +0 cloak
rCorr   .            (no gloves)
SInv    .            (no boots)
Will    .....        (no amulet)
Stlth   +            j - +4 ring of protection
HPRegen 0.25/turn    l - +6 ring of strength
MPRegen 0.09/turn

%: no passive effects
@: glowing
A: antennae 1, demonic magic 2
a: no special abilities


You were on level 3 of the Dungeon.
You visited 1 branch of the dungeon, and saw 3 of its levels.

You collected 163 gold pieces.

Inventory:

Hand Weapons
 a - a +0 hand axe (weapon)
Armour
 b - a +0 robe (worn)
 d - an orb of light (worn)
 e - a +0 helmet
 m - a +0 cloak (worn)
Jewellery
 j - a +4 ring of protection (left hand)
 l - a +6 ring of strength (right hand)
 s - a ring of magical power
Wands
 v - a wand of charming (15)
Scrolls
 f - 2 scrolls of poison {unknown}
 g - 3 scrolls of identify {unknown}
 i - a scroll of noise {unknown}
 o - a scroll of acquirement {unknown}
 p - a scroll of fear {unknown}
 t - a scroll of vulnerability {unknown}
 u - a scroll of silence {unknown}
Potions
 c - a potion of ambrosia
 h - a potion of might {unknown}
 k - 2 potions of attraction {unknown}
 n - a potion of brilliance {unknown}
 q - 3 potions of curing
 r - a potion of haste {unknown}


   Skills:
 - Level 3.0 Fighting
 * Level 4.9 Axes
 - Level 2.6 Dodging


You had 3 spell levels left.
You didn't know any spells.
Your spell library contained the following spells:

 Spells                   Type           Power      Damage    Failure   Level
 Animate Dead             Necr           0%         N/A       98%         4
 Haunt                    Necr/Summ      0%         N/A       100%        7
 Infestation              Necr           0%         N/A       100%        8


Dungeon Overview and Level Annotations

Branches:
Dungeon (3/15)

Altars:


Innate Abilities, Weirdness & Mutations

You have a pair of small antennae on your head.
Spells you cast may paralyse nearby enemies.


Message History

v - a wand of charming (15) No target in view!
A gnoll comes into view. It is wielding a +0 halberd.
The gnoll shouts!
A gnoll comes into view. It is wielding a +0 spear.
Found 11 gold pieces.
The gnoll shouts!
There are monsters nearby!
Found an inky potion.
The gnoll misses you.
There are monsters nearby!
A gnoll comes into view. It is wielding a +0 flail.
The gnoll barely misses you.
You hit the gnoll but do no damage.
The gnoll hits you from afar with a +0 spear.
The gnoll hits you but does no damage. x2
A shadow imp comes into view.
You hit the gnoll.
The gnoll is lightly wounded.
You hit the gnoll. The gnoll barely misses you.
The gnoll completely misses you.
The shadow imp grins evilly.
You hit the gnoll.
The gnoll is lightly wounded.
You hit the gnoll but do no damage. The gnoll misses you.
The gnoll hits you with a +0 spear. The shadow imp gestures at you.
You barely resist. You hit the gnoll.
The gnoll is heavily wounded.
You hit the gnoll but do no damage. The gnoll hits you with a +0 halberd!
The gnoll hits you but does no damage.
You hit the gnoll but do no damage.
The gnoll is heavily wounded.
You hit the gnoll. x2; The gnoll hits you with a +0 flail.
The gnoll hits you with a +0 halberd!
* * * LOW HITPOINT WARNING * * *
The gnoll barely misses you. The shadow imp gestures at you.
Pain shoots through your body!
You die...

....##..##........#
#.......#
#......###..#....##
###..#### ...)####
...#.#.## ##.## .##..#
.#.. ..## ###..#
....... .#.#..# ##...##
#......# #.#..# #..###
##...#.....##$...# #.##
....###.#......g.###.##
###.# .. #...g@.....#
#.....g....#
#..........#
#..5.......#
#..#.######## #.##! #..
.. .. ...


You could see 3 gnolls and a shadow imp.

Vanquished Creatures
  Terence (D:2)
  Robin (D:2)
  An adder (D:2)
  2 ball pythons (D:2)
  3 endoplasms
  4 giant cockroaches
  18 goblins
  8 hobgoblins
  A quokka (D:2)
  2 bats
  6 frilled lizards
  3 kobolds
  7 rats
57 creatures vanquished.

Notes
Turn   | Place    | Note
-------+----------+-------------------------------------------
     0 | D:1      | innerfire43 the Demonspawn Monk began the quest for the
                  | Orb.
     0 | D:1      | Reached XP level 1. HP: 18/18 MP: 1/1
    79 | D:1      | Reached skill level 3 in Axes
   252 | D:1      | Gained mutation: Spells you cast may paralyse adjacent
                  | enemies. [demonic ancestry]
   252 | D:1      | Reached XP level 2. HP: 24/24 MP: 2/2
   850 | D:2      | Gained mutation: Spells you cast may paralyse nearby
                  | enemies. [demonic ancestry]
   850 | D:2      | Reached XP level 3. HP: 23/29 MP: 3/3
   851 | D:2      | Noticed Robin
   864 | D:2      | Killed Robin
   865 | D:2      | Reached skill level 4 in Axes
  1148 | D:2      | Gained mutation: You have a pair of small antennae on your
                  | head. [demonic ancestry]
  1148 | D:2      | Reached XP level 4. HP: 35/35 MP: 4/4
  1646 | D:2      | Noticed Terence
  1662 | D:2      | Killed Terence
  1917 | D:3      | Killed from afar by a shadow imp

Illustrated notes

Levels and vault maps discovered:
D:1:      dpeg_arrival_more_subterranean_lakeside_camping, layout_basic
D:2:      layout_basic, minmay_small_reverse_x, uniq_terence, uniq_robin
D:3:      layout_rooms, lemuel_crystal_altar,
          ebering_ecumenical_altar_petrified, serial_rivers,
          chequers_serial_rivers_small_b, chequers_serial_rivers_micro_c,
          chequers_serial_rivers_small_a, chequers_serial_rivers_large_b,
          chequers_serial_rivers_micro_e, chequers_serial_rivers_small_a

Skill      XL: |  1  2  3 |
---------------+----------+-----
Axes           | 3 4 |  4.9
Fighting       | |  3.0
Dodging        | |  2.6

Action                     |  1- 3 |  4- 6 || total
---------------------------+-------+-------++-------
  Melee: Hand axe          |    96 |    39 ||   135
    Use: Potion            |     1 |       ||     1
 Armour: Robe              |    27 |    11 ||    38
  Dodge: Dodged            |    63 |    22 ||    85

Table legend: (Time is in decaauts)
 A = Elapsed time spent in this place.
 B = Non-inter-level travel time spent in this place.
 C = Inter-level travel time spent in this place.
 D = Time resting spent in this place.
 E = Time spent auto-exploring this place.
 F = Levels seen in this place.
 G = Mean time per level.
                   A        B        C        D        E       F      G
               +--------+--------+--------+--------+--------+-----+--------+
         Total |   1929 |   1867 |     62 |      0 |   1519 |   3 |  643.0 |
       Dungeon |   1929 |   1867 |     62 |      0 |   1519 |   3 |  643.0 |
               +--------+--------+--------+--------+--------+-----+--------+

Top non-repeatable levels by time:
     D:2: 879 daAuts
     D:1: 847 daAuts
     D:3: 202 daAuts
